 Dungeon Crawl Stone Soup version 0.31-a0-188-g5e087ee2ca (webtiles) character file.

Game seed: 12633668758359794217

3444 runemasterragnar the Zephyrmancer (level 10, -1/63 HPs)
             Began as a Tengu Monk on June 24, 2023.
             Was an Initiate of Ashenzari.
             Killed from afar by an orc wizard (8 damage)
             ... with a puff of flame
             ... on level 8 of the Dungeon.
             The game lasted 00:11:11 (6023 turns).

runemasterragnar the Zephyrmancer (Tengu Monk)      Turns: 6023, Time: 00:11:12

Health: -1/63      AC: 10    Str: 14    XL:     10   Next: 5%
Magic:  6/17       EV: 16    Int: 13    God:    Ashenzari [......]
Gold:   163        SH:  5    Dex: 22    Spells: 7/17 levels left

rFire   . . .        k - +3 trident (protect)
rCold   . . .        c - orb {light}
rNeg    . . .        a - +0 robe
rPois   .            (helmet restricted)
rElec   .            g - +0 cloak
rCorr   .            (no gloves)
SInv    .            (boots unavailable)
Will    .....        B - amulet "Oscillating Fan" {Reflect SH+5, Alch, Comp} (curse)
Stlth   +            o - +6 ring of dexterity
HPRegen 0.30/turn    (no ring)
MPRegen 0.15/turn

%: reflection
@: lethally poisoned (-1 -> -21), under a protective aura, flying quickly and
evasively, glowing, quick
A: beak, talons 3, nimble flight
a: Renounce Religion, Curse Item, Shatter the Chains


You were on level 8 of the Dungeon.
You worshipped Ashenzari.
Ashenzari was noncommittal.
You visited 2 branches of the dungeon, and saw 9 of its levels.

You collected 481 gold pieces.
You spent 318 gold pieces at shops.

Inventory:

Hand Weapons
 k - a +3 trident of protection (weapon)
 y - the +7 scimitar of Caroavyo {heavy, rC+ Will- Int+3 Stlth+}
   (You bought it in a shop on level 5 of the Dungeon)

   Int:       It affects your intelligence (+3).
   rC:        It protects you from cold.
   Will:      It decreases your willpower.
   Stlth:     It makes you more stealthy.
 F - a +3 scimitar of freezing
Missiles
 t - 4 throwing nets
Armour
 a - a +0 robe (worn)
 c - an orb of light (worn)
 g - a +0 cloak (worn)
 z - a scarf of harm
 G - a +0 troll leather armour
Jewellery
 d - an amulet of regeneration
 o - a +6 ring of dexterity (left hand)
 B - the cursed amulet "Oscillating Fan" (around neck) {Reflect SH+5, Alch, Comp}
   (You found it on level 6 of the Dungeon)

   [amulet of reflection]

   It reflects blocked missile attacks.
   SH:        It affects your SH (+5).
   It has a curse which improves the following skills: Alchemy: Poison Magic and
   Transmutations.
   Companions: Summonings and Necromancy.
Wands
 A - a wand of light (7)
Scrolls
 e - 3 scrolls of identify {unknown}
 f - 4 scrolls of teleportation {unknown}
 h - 3 scrolls of enchant weapon
 i - 2 scrolls of noise {unknown}
 p - a scroll of enchant armour {unknown}
 r - 2 scrolls of blinking {unknown}
 u - a scroll of fear {unknown}
 w - 2 scrolls of vulnerability {unknown}
 E - a scroll of summoning {unknown}
Potions
 b - 2 potions of ambrosia
 j - 3 potions of curing
 l - 5 potions of heal wounds {unknown}
 m - 2 potions of mutation {unknown}
 n - 3 potions of brilliance {unknown}
 q - a potion of attraction {unknown}
 s - 2 potions of lignification {unknown}
 v - a potion of degeneration
 x - a potion of cancellation {unknown}
 C - a potion of magic {unknown}
 D - a potion of resistance {unknown}


   Skills:
 + Level 7.3 Fighting
 - Level 2.1 Polearms
 - Level 3.3 Dodging
 - Level 4.0 Unarmed Combat
 + Level 4.3 Spellcasting
 + Level 7.9 Conjurations
 * Level 5.9(6.3) Summonings
 * Level 9.2 Air Magic


You had 7 spell levels left.
You knew the following spells:

 Your Spells              Type           Power      Damage    Failure   Level
a - Static Discharge      Conj/Air       50%        2-5/arc   1%          2
b - Summon Lightning Spi  Summ/Air       23%        N/A       9%          4
c - Airstrike             Air            13%        2d(2-18)  4%          4

Your spell library contained the following spells:

 Spells                   Type           Power      Damage    Failure   Level
 Hailstorm                Conj/Ice       13%        3d5       12%         3
 Apportation              Tloc           4%         N/A       21%         1
 Freeze                   Ice            8%         1d3       21%         1
 Iskenderun's Battlesphe  Conj           23%        2d8       22%         5
 Sublimation of Blood     Necr           2%         N/A       30%         2
 Wereblood                Tmut           2%         N/A       30%         2
 Frozen Ramparts          Ice            4%         1d1       52%         3
 Alistair's Intoxication  Tmut/Pois      1%         N/A       99%         5
 Leda's Unmaking          Conj/Erth      6%         9d2       99%         6
 Spellforged Servitor     Conj/Summ      10%        N/A       100%        7
 Summon Hydra             Summ           9%         N/A       100%        7


Dungeon Overview and Level Annotations

Branches:
Dungeon (8/15)             Temple (1/1) D:6
   Lair: D:8-11

Altars:
Ashenzari
Cheibriados
Dithmenos
Elyvilon
Fedhas
Gozag
Hepliaklqana
Kikubaaqudgha
Makhleb
Nemelex Xobeh
Okawaru
Qazlal
Ru
Sif Muna
Trog
Uskayaw
Wu Jian
Xom
Yredelemnul
Zin
The Shining One

Shops:
D:4 ![   D:5 (


Innate Abilities, Weirdness & Mutations

You have a beak for a mouth.
You have claws for feet.
Your magical nature lets you fly swiftly and evasively.


Message History

Confirm with . or Enter, or press ? or * to list all spells.
The orc wizard is struck by an arc of lightning.
The orc wizard is moderately wounded.
You are struck by an arc of lightning.
The orc is struck by an arc of lightning.
The orc is severely wounded.
The lightning grounds out.
The orc is struck by an arc of lightning.
The orc is heavily wounded.
You are struck by an arc of lightning.
The lightning grounds out.
The orc is struck by an arc of lightning.
You kill the orc!
You are struck by an arc of lightning.
The lightning grounds out.
You feel very sick.
The orc wizard hits you but does no damage.
You are lethally poisoned!
The orc hits you but does no damage.
Unknown command.
Casting: Static Discharge (safe; 1% risk of failure)
Confirm with . or Enter, or press ? or * to list all spells.
The orc wizard is struck by an arc of lightning.
The orc wizard is heavily wounded.
You are struck by an arc of lightning.
The orc wizard is struck by an arc of lightning.
The orc wizard is severely wounded.
You are struck by an arc of lightning.
* * * LOW HITPOINT WARNING * * *
The lightning grounds out.
The orc is struck by an arc of lightning.
The orc is severely wounded.
You are struck by an arc of lightning.
* * * LOW HITPOINT WARNING * * *
The orc wizard is struck by an arc of lightning.
The orc wizard is almost dead.
The lightning grounds out.
* * * LOW HITPOINT WARNING * * *
You feel very sick.
The orc wizard gestures at you while chanting.
The puff of flame hits you!
You die...

######.............
#....#.....###'####
#....#.....#...#...
#....#.....#...#...
#....#.....#...#...
#....#.....#...'...
##+######.......#...##..
..........############..
......o@..# #....##..
......o)).# #........
..........# #........
..........# #........
..........# #........
..........# ##...####
.....#####. ##### .....
..


You could see an orc wizard (invisible) and an orc.

Vanquished Creatures
  A two-headed ogre (D:8)
  A troll (D:7)
  A vampire mosquito (D:8)
  An ice beast (D:6)
  An orc warrior (D:7)
  A phantom (D:6)
  A kobold brigand (D:8)
  A bullfrog (D:5)
  A gnoll sergeant (D:7)
  2 scorpions
  8 wights
  6 killer bees
  A nameless horror (D:7)
  5 hounds
  An orc priest (D:6)
  3 jellies
  Crazy Yiuf (D:7)
  2 sleepcaps (D:5)
  3 iguanas
  8 orc wizards
  17 gnolls
  12 adders
  3 shadow imps
  A white imp (D:7)
  3 worms
  4 dart slugs
  10 orcs
  5 endoplasms
  A giant cockroach (D:2)
  5 goblins
  10 hobgoblins
  8 jackals (D:1)
  10 kobolds
  4 quokkas
  14 ball pythons
  2 bats
  3 frilled lizards
  9 rats
170 creatures vanquished.

Vanquished Creatures (collateral kills)
  A vampire mosquito (D:8)
  A killer bee (D:8)
  A gnoll bouda (D:7)
  2 gnolls (D:7)
  2 orcs (D:8)
7 creatures vanquished.

Grand Total: 177 creatures vanquished

Notes
Turn   | Place    | Note
-------+----------+-------------------------------------------
     0 | D:1      | runemasterragnar the Tengu Monk began the quest for the
                  | Orb.
     0 | D:1      | Reached XP level 1. HP: 14/14 MP: 2/2
   170 | D:1      | Reached XP level 2. HP: 17/19 MP: 3/3
   531 | D:1      | Reached XP level 3. HP: 19/24 MP: 4/4
   779 | D:2      | Reached XP level 4. HP: 30/30 MP: 5/5
   982 | D:2      | Reached skill level 5 in Fighting
  1076 | D:2      | Learned a level 2 spell: Static Discharge
  1430 | D:3      | Reached skill level 1 in Conjurations
  1430 | D:3      | Gained mutation: Your magical nature lets you fly swiftly
                  | and evasively. [Tengu growth]
  1430 | D:3      | Reached XP level 5. HP: 35/35 MP: 6/6
  1661 | D:3      | Reached skill level 1 in Air Magic
  1830 | D:4      | Found Juas's Antique Armour Emporium.
  1994 | D:4      | Found Podimnat's Distillery.
  2002 | D:4      | Bought a potion of curing for 36 gold pieces
  2002 | D:4      | Bought a potion of degeneration for 12 gold pieces
  2043 | D:4      | Reached skill level 1 in Polearms
  2360 | D:5      | Entered Level 5 of the Dungeon
  2428 | D:5      | Reached XP level 6. HP: 36/40 MP: 8/8
  2433 | D:5      | Reached skill level 2 in Air Magic
  2454 | D:5      | Reached skill level 1 in Spellcasting
  2481 | D:5      | Reached skill level 3 in Air Magic
  2734 | D:5      | Reached XP level 7. HP: 44/44 MP: 8/10
  2740 | D:5      | Found Ficlaw's Antique Weapon Shop.
  2785 | D:5      | Bought an iridescent scimitar for 270 gold pieces
  2785 | D:5      | Identified the +7 scimitar of Caroavyo {heavy, rC+ Will-
                  | Int+3 Stlth+} (You bought it in a shop on level 5 of the
                  | Dungeon)
  3182 | D:5      | Reached skill level 4 in Air Magic
  3402 | D:6      | Found a staircase to the Ecumenical Temple.
  3504 | D:6      | Reached skill level 5 in Conjurations
  3507 | D:6      | Reached skill level 5 in Air Magic
  3507 | D:6      | Reached XP level 8. HP: 51/51 MP: 12/12
  3699 | D:6      | Reached skill level 6 in Air Magic
  3826 | D:6      | Found a hide-covered altar of Uskayaw.
  4070 | Temple   | Entered the Ecumenical Temple
  4279 | Temple   | Became a worshipper of Ashenzari the Shackled
  4295 | Temple   | Learned a level 4 spell: Summon Lightning Spire
  4300 | Temple   | Learned a level 4 spell: Airstrike
  4355 | D:7      | Reached skill level 1 in Summonings
  4495 | D:7      | Reached skill level 7 in Air Magic
  4495 | D:7      | Reached XP level 9. HP: 48/56 MP: 7/14
  4496 | D:7      | Noticed a troll
  4533 | D:7      | Killed a troll
  4989 | D:7      | Found a runed translucent door.
  4990 | D:7      | Noticed Crazy Yiuf
  5070 | D:7      | Found a stormy altar of Qazlal.
  5070 | D:7      | Found an ornate altar of the Wu Jian Council.
  5086 | D:7      | Found an opulent altar of Gozag.
  5229 | D:7      | Found a burning altar of Makhleb.
  5334 | D:7      | Killed Crazy Yiuf
  5335 | D:7      | Reached skill level 8 in Air Magic
  5493 | D:8      | Noticed a two-headed ogre
  5505 | D:8      | Killed a two-headed ogre
  5506 | D:8      | Reached skill level 5 in Summonings
  5506 | D:8      | Reached skill level 9 in Air Magic
  5509 | D:8      | Reached XP level 10. HP: 15/63 MP: 9/17
  6023 | D:8      | Killed from afar by an orc wizard

Illustrated notes

Levels and vault maps discovered:
D:1:      dpeg_arrival_round_c, layout_basic
D:2:      layout_rooms
D:3:      layout_loops_cross, hex_large
D:4:      layout_cave_pools, serial_shops, shop, shop
D:5:      layout_basic, serial_shops, shop, chequers_serial_rivers_small_b
D:6:      layout_basic, mainiacjoe_overflow_alcove_1,
          minmay_temple_entry_offerings
D:7:      layout_rooms, nicolae_overflow_hidden_temple,
          mainiacjoe_overflow_concentric_impassable, uniq_crazy_yiuf_cottage
D:8:      layout_gridville, dpeg_oklobed_lair, nzn_random_ring
Temple:   eino_temple_rhombus

Skill      XL: |  1  2  3  4  5  6  7  8  9 |
---------------+----------------------------+-----
Fighting       | 4 5 6 7 |  7.3
Conjurations   | 1 2 3 5 6 7 |  7.9
Air Magic      | 1 3 5 7 9 |  9.2
Polearms       | 1 2 |  2.1
Spellcasting   | 1 2 3 4 |  4.3
Unarmed Combat | 4 |  4.0
Summonings     | 2 5 |  5.9
Dodging        | |  3.3

Action                     |  1- 3 |  4- 6 |  7- 9 | 10-12 || total
---------------------------+-------+-------+-------+-------++-------
  Melee: Unarmed           |    64 |     9 |       |       ||    73
         Kick              |    21 |    32 |    43 |     3 ||    99
         Peck              |     7 |    21 |    22 |     4 ||    54
         Trident           |       |   108 |    61 |    13 ||   182
         Scimitar          |       |       |    68 |       ||    68
   Cast: Static Discharge  |       |       |    14 |     6 ||    20
         Summon Lightning  |       |       |     6 |       ||     6
         Airstrike         |       |       |     1 |       ||     1
 Invoke: Curse Item        |       |       |     1 |       ||     1
  Evoke: Wand              |       |       |     1 |       ||     1
    Use: Scroll            |       |       |     1 |       ||     1
         Potion            |       |       |     1 |       ||     1
   Stab: Sleeping          |       |     2 |       |       ||     2
         Distracted        |       |       |     1 |       ||     1
 Armour: Robe              |    12 |    15 |    19 |     6 ||    52
  Dodge: Dodged            |    38 |    65 |   157 |     7 ||   267
  Block: Orb               |       |       |    39 |     9 ||    48
         Reflection        |       |       |       |     1 ||     1

Table legend: (Time is in decaauts)
 A = Elapsed time spent in this place.
 B = Non-inter-level travel time spent in this place.
 C = Inter-level travel time spent in this place.
 D = Time resting spent in this place.
 E = Time spent auto-exploring this place.
 F = Levels seen in this place.
 G = Mean time per level.
                   A        B        C        D        E       F      G
               +--------+--------+--------+--------+--------+-----+--------+
         Total |   5808 |   5568 |    240 |    589 |   3993 |   9 |  645.3 |
       Dungeon |   5592 |   5390 |    202 |    589 |   3847 |   8 |  699.0 |
        Temple |    215 |    178 |     37 |      0 |    145 |   1 |  215.0 |
               +--------+--------+--------+--------+--------+-----+--------+

Top non-repeatable levels by time:
     D:7: 1019 daAuts
     D:5: 834 daAuts
     D:6: 822 daAuts
     D:1: 737 daAuts
     D:8: 629 daAuts
     D:3: 582 daAuts
     D:4: 500 daAuts
     D:2: 466 daAuts
  Temple: 215 daAuts
